 Dungeon Crawl Stone Soup version 0.19-a0-585-ge40200b (webtiles) character file.

466 Rainbowgamer28 the Ruffian (level 6, 0/55 HPs)
             Began as a Troll Wanderer on June 9, 2016.
             Slain by a gnoll
             ... wielding a +0 spear
              (7 damage)
             ... on level 3 of the Dungeon.
             The game lasted 00:16:19 (2647 turns).

Rainbowgamer28 the Ruffian (Troll Wanderer)         Turns: 2647, Time: 00:16:20

Health: 0/55       AC:  7    Str: 16 (19) XL:     6   Next: 81%
Magic:  5/5        EV: 10    Int:  7 (8)  God:
Gold:   124        SH:  0    Dex: 10 (13) Spells: 0 memorised, 5 levels left

rFire  + . .     SeeInvis .       - Unarmed
rCold  . . .     Gourm    +     b - +0 robe
rNeg   . . .     Faith    .     (no shield)
rPois  .         Spirit   .     (helmet restricted)
rElec  .         Dismiss  .     (no cloak)
rCorr  .         Reflect  .     (gloves unavailable)
SustAt .         Harm     .     (boots unavailable)
MR     .....                    (no amulet)
Stlth  +.........               (no ring)
                                q - ring of protection from fire

@: confused, not resistant to hostile enchantments, very unstealthy
A: unfitting armour, claws 3, thin metallic scales 1, fast metabolism 3,
gourmand, low mp 1, regeneration 2, screaming 1, shaggy fur 1, tough skin 2
a: no special abilities


You were on level 3 of the Dungeon.
You were completely stuffed.

You visited 1 branch of the dungeon, and saw 4 of its levels.
You also visited: Sewer.

You collected 124 gold pieces.

Inventory:

Hand Weapons
 a - a +2 quarterstaff
 l - a +0 blowgun
Missiles
 u - 22 poisoned needles
Armour
 b - a +0 robe (worn)
Jewellery
 q - a ring of protection from fire (left claw)
Scrolls
 c - 7 scrolls of teleportation
 e - a scroll of blinking {unknown}
 f - a scroll of recharging {unknown}
 g - 3 scrolls of remove curse {unknown}
 j - a scroll of enchant weapon {unknown}
 k - 2 scrolls of identify {unknown}
 r - a scroll of random uselessness {unknown}
Potions
 i - a potion of magic {unknown}
 m - a potion of heal wounds {unknown}
 n - a potion of haste {unknown}
 o - a potion of mutation
 p - 2 potions of degeneration
 s - a potion of ambrosia
 t - 2 potions of invisibility {unknown}
 v - a potion of brilliance {unknown}
 w - a potion of agility {unknown}
 x - a potion of resistance {unknown}
 z - a potion of flight {unknown}
Comestibles
 d - 4 bread rations
 h - a meat ration
 A - 2 chunks of flesh


   Skills:
 - Level 1.0 Fighting
 - Level 1.5 Staves
   Level 1.0 Crossbows
 - Level 2.4 Dodging
 + Level 7.0 Unarmed Combat
   Level 1.3 Evocations


You had 5 spell levels left.
You didn't know any spells.

Dungeon Overview and Level Annotations

Branches:
Dungeon (4/15)
 Temple: D:4-7

Altars:
Cheibriados
Elyvilon
Qazlal
Sif Muna

Annotations:
D:3 Natasha


Innate Abilities, Weirdness & Mutations

You are too large for most types of armour.
You have claws for hands.
Your metabolism is lightning-fast.
You like to eat raw meat.
You heal very quickly.
You are covered in fur. (AC +1)
You have very tough skin. (AC +2)
You are partially covered in thin metallic scales. (AC +2)
Your magical capacity is low. (-10% MP)
You occasionally shout uncontrollably at your foes.


Message History

The gnoll hits you from afar with a spear.
* * * LOW HITPOINT WARNING * * *
There is a stone staircase leading up here.
The gnoll hits you with a spear!
* * * LOW HITPOINT WARNING * * *
The gnoll hits you with a spear.
* * * LOW HITPOINT WARNING * * *
You climb upwards.
Level annotation: Natasha
There is a stone staircase leading down here.
It was a potion of mutation.
You feel extremely strange.
You feel the urge to shout.
You feel less energetic.
Thin metallic scales grow over part of your body.
The gnoll barely misses you.
It was a potion of ambrosia.
You are confused.
You feel invigorated.
You are no longer glowing.
The gnoll hits you with a spear!
You die...

.## #............# ..#######
#.........#### ........#
#........[# .######.###.........#
## #..........##### #
#..............#######
#.)........###.......##
######..........#########..######
.##.....#####..g@...######.##....
.........## #######..............
..........# ###########....
..........# ##### ..........#
..........# ..........####
.............######
.........###.).)).##


You could see a gnoll.

Vanquished Creatures
  An ogre (D:4)
  A howler monkey (D:4)
  A gnoll shaman (D:4)
  A hound (D:4)
  An orc wizard (D:3)
  Ijyb (D:3)
  Terence (D:2)
  Robin (D:4)
  A river rat (D:4)
  7 adders
  An ooze (Sewer)
  A worm (D:4)
  A dart slug (D:2)
  4 giant geckos
  6 orcs
  9 bats
  8 giant cockroaches
  16 goblins
  9 hobgoblins
  18 jackals
  3 giant newts (Sewer)
  8 kobolds
  7 rats
107 creatures vanquished.

Notes
Turn   | Place    | Note
--------------------------------------------------------------
     0 | D:1      | Rainbowgamer28 the Troll Wanderer began the quest for the Orb.
     0 | D:1      | Rainbowgamer28 set off with: a +2 quarterstaff, a +0 robe, a scroll of teleportation, 2 bread rations
     0 | D:1      | Reached XP level 1. HP: 19/19 MP: 1/1
    81 | D:1      | Reached skill level 1 in Unarmed Combat
   110 | D:1      | Found a snail-covered altar of Cheibriados.
   232 | D:1      | Reached XP level 2. HP: 27/27 MP: 2/2
   647 | D:2      | Reached skill level 2 in Unarmed Combat
   675 | D:2      | Found a deep blue altar of Sif Muna.
   675 | D:2      | Found a stormy altar of Qazlal.
   677 | D:2      | Found a white marble altar of Elyvilon.
   689 | D:2      | Reached XP level 3. HP: 33/33 MP: 3/3
   732 | D:2      | Reached skill level 3 in Unarmed Combat
  1130 | D:2      | Noticed Terence
  1134 | D:2      | Killed Terence
  1134 | D:2      | Reached skill level 4 in Unarmed Combat
  1134 | D:2      | Reached XP level 4. HP: 18/41 MP: 4/4
  1358 | D:3      | Noticed Natasha
  1592 | D:3      | Reached XP level 5. HP: 23/48 MP: 5/5
  1707 | D:3      | Reached skill level 5 in Unarmed Combat
  1824 | D:3      | Noticed Ijyb
  1842 | D:3      | Killed Ijyb
  2051 | D:4      | Found a glowing drain.
  2056 | D:4      | Noticed Robin
  2174 | D:4      | Noticed an ogre
  2174 | Sewer    | Entered a sewer
  2512 | D:4      | Reached XP level 6. HP: 55/55 MP: 6/6
  2521 | D:4      | Reached skill level 6 in Unarmed Combat
  2527 | D:4      | Killed Robin
  2629 | D:4      | Reached skill level 7 in Unarmed Combat
  2644 | D:4      | HP: 1/55 [gnoll/spear (2)]
  2646 | D:3      | Gained mutation: You occasionally shout uncontrollably at your foes. [potion of mutation]
  2646 | D:3      | Gained mutation: Your magical capacity is low. (-10% MP) [potion of mutation]
  2646 | D:3      | Gained mutation: You are partially covered in thin metallic scales. (AC +2) [potion of mutation]
  2647 | D:3      | Slain by a gnoll

Vault maps used:
D:1:      dpeg_arrival_signposts, serial_park_tiny_pond, cheibriados_altar_1
D:2:      gammafunk_temple_overflow_forgotten, first_bread, minmay_cupped,
          uniq_terence
D:3:      grunt_decor_cap, uniq_natasha, uniq_iyjb
D:4:      grunt_temple_overflow_growth_and_decay, johnstein_pakellas_shop,
          portal_sewer_entry_a, uniq_robin
Sewer:    sewer_fruit_machine

Skill      XL: |  1  2  3  4  5  6 |
---------------+-------------------+-----
Unarmed Combat | 1 2 4 5 7 |  7.0
Fighting       | |  1.0
Staves         | |  1.5
Crossbows      | |  1.0
Dodging        | |  2.4
Evocations     | |  1.3

Action                   |  1- 3 |  4- 6 || total
-------------------------+-------+-------++-------
Melee: Unarmed           |   117 |   218 ||   335
       Punch             |       |     4 ||     4
  Use: Potion            |       |     3 ||     3
 Stab: Sleeping          |     1 |     2 ||     3
  Eat: Chunk             |    16 |    15 ||    31
Armor: Robe              |    31 |    90 ||   121
Dodge: Dodged            |    55 |   123 ||   178
